 Dungeon Crawl Stone Soup version 0.29.0-4-gdea44cf6ec (webtiles) character file.

Game seed: 2522041290097897340

426 qw the Chopper (level 6, 0/35 HPs)
             Began as a Tengu Warper on Aug 28, 2022.
             Succumbed to an adder's poison
             ... on level 5 of the Dungeon.
             The game lasted 00:00:29 (5181 turns).

qw the Chopper (Tengu Warper)                       Turns: 5181, Time: 00:00:30

Health: 0/35       AC: 10    Str: 13    XL:     6   Next: 97%
Magic:  10/10      EV:  6    Int: 13    God:
Gold:   160        SH: 10    Dex: 20    Spells: 9/9 levels left

rFire   + . .      SeeInvis .   Y - +0 hand axe
rCold   . . .      Faith    .   h - +0 kite shield
rNeg    . . .      Spirit   .   n - +4 chain mail
rPois   .          Reflect  .   (helmet restricted)
rElec   .          Harm     .   (no cloak)
rCorr   +          Rampage  .   g - +0 pair of gloves
Will    .....                   (boots unavailable)
Stlth   ..........              (no amulet)
HPRegen 0.11/turn               a - ring "Niunloca" {rF+ Dex+6}
MPRegen 0.12/turn               f - ring of resist corrosion

@: lethally poisoned (0 -> -3), corroded, flying quickly and evasively, quick
A: beak, talons 3, nimble flight
a: no special abilities


You were on level 5 of the Dungeon.
You visited 2 branches of the dungeon, and saw 6 of its levels.

You collected 178 gold pieces.
You spent 18 gold pieces at shops.


Innate Abilities, Weirdness & Mutations

You have a beak for a mouth.
You have claws for feet.
Your magical nature lets you fly swiftly and evasively.


   Skills:
 - Level 2.0 Fighting
 + Level 5.9 Axes
 - Level 1.0 Throwing
 - Level 3.7 Armour
 - Level 2.1 Dodging
 - Level 3.0 Shields
 - Level 2.0 Spellcasting
 - Level 2.4 Translocations


You had 9 spell levels left.
You didn't know any spells.
Your spell library contained the following spells:

 Spells                   Type           Power      Damage    Failure   Level
 Blink                    Tloc           14%        N/A       100%        2
 Gell's Gravitas          Tloc           7%         N/A       100%        3
 Lesser Beckoning         Tloc           7%         N/A       100%        3
 Teleport Other           Tloc           7%         N/A       100%        3
 Manifold Assault         Tloc           7%         N/A       100%        5

Inventory:

Hand Weapons
 q - a +0 flail
 Y - a +0 hand axe (weapon)
Armour
 g - a +0 pair of gloves (worn)
 h - a +0 kite shield (worn)
 n - a +4 chain mail (worn)
Jewellery
 a - the ring "Niunloca" (left hand) {rF+ Dex+6}
   (You acquired it on level 1 of the Dungeon)

   [ring of dexterity]

   Dex:       It affects your dexterity (+6).
   rF:        It protects you from fire.
 f - a ring of resist corrosion (right hand)
 o - a ring of fire
Potions
 b - a potion of invisibility {unknown}
 c - a potion of heal wounds {unknown}
 e - a potion of cancellation {unknown}
 i - a potion of curing
 j - a potion of magic {unknown}
 k - a potion of flight {unknown}
 l - 2 potions of might

Dungeon Overview and Level Annotations

Branches:
Dungeon (5/15)             Temple (1/1) D:4

Altars:
Ashenzari
Dithmenos
Fedhas
Gozag
Ru
Sif Muna
Trog
Xom

Shops:
D:1 *   D:5 [


Message History

You barely miss the orc. You hit the orc but do no damage.
The orc hits you but does no damage.
The orc priest mumbles some strange prayers to Beogh against you.
Pain shoots through your body! You block the orc's attack.
The orc hits you but does no damage. The orc completely misses you.
You block the orc's attack.
The orc priest mumbles some strange prayers to Beogh against you.
Beogh smites you! The jelly hits you but does no damage.
You barely miss the orc priest. Your kick misses the orc priest.
You peck the orc priest.
The orc priest is almost dead.
You hit the orc. You closely miss the orc. You hit the orc but do no damage.
You hit the jelly.
Your hands burn!
The orc barely misses you. The jelly barely misses you.
You block the orc's attack. The orc hits you with a +0 whip.
The orc priest hits you but does no damage.
You hit the orc priest.
You kill the orc priest!
You completely miss the orc. You hit the orc but do no damage.
You hit the jelly.
Your hands burn!
You hit the orc. You block the adder's attack. You block the orc's attack.
The jelly hits you but does no damage. You block the orc's attack. x2
You hit the orc.
You kill the orc!
You hit the orc but do no damage. You miss the adder. You hit the orc.
You hit the jelly but do no damage.
Your hands burn!
The adder bites you.
You are lethally poisoned!
The adder poisons you! You block the jelly's attack.
You block the orc's attack. The orc barely misses you.
The adder barely misses you.
You slash the jelly! The acid corrodes you!
Your hands burn!
You claw the jelly.
You kill the jelly!
You hit the adder. You hit the orc but do no damage. You hit the orc.
You feel sick. The orc hits you but does no damage. You block the orc's attack.
The adder barely misses you. You block the orc's attack.
The orc hits you but does no damage.
You hit the orc but do no damage. Your kick misses the orc. You peck the orc.
The orc is severely wounded.
You completely miss the orc. You miss the adder.
You die...

....#......
##.........[
...........
#..#......
####.......
#.#........#
.......)oS.##
#.....<@o..#
...............#
..$......\.....#
...............#
...........>...#
#......)......##
.......##.....#
....... ...#..


You could see an adder and 2 orcs.

Vanquished Creatures
  Menkaure (D:4)
  3 jellies
  2 orc priests
  4 gnolls (D:3)
  3 adders
  A worm (D:2)
  2 dart slugs
  10 orcs
  4 endoplasms
  6 giant cockroaches
  7 goblins
  4 hobgoblins
  4 jackals (D:2)
  5 quokkas
  4 ball pythons
  8 bats
  A frilled lizard (D:1)
  3 kobolds
  6 rats
78 creatures vanquished.

Vanquished Creatures (others)
  A plant (D:1)
1 creature vanquished.

Grand Total: 79 creatures vanquished

Notes
Turn   | Place    | Note
-------+----------+-------------------------------------------
     0 | D:1      | qw the Tengu Warper began the quest for the Orb.
     0 | D:1      | Reached XP level 1. HP: 12/12 MP: 4/4
     0 | D:1      | 0 ||| qw: Version: 0.1-a-89-g26bdef1
     0 | D:1      | 0 ||| qw: Game counter: 884
     0 | D:1      | 0 ||| qw: Always use a shield: true
     0 | D:1      | 0 ||| qw: God list: Okawaru
     0 | D:1      | 0 ||| qw: Allow faded altars: false
     0 | D:1      | 0 ||| qw: Do Orc after D:15 true
     0 | D:1      | 0 ||| qw: Do second Lair branch before Depths: true
     0 | D:1      | 0 ||| qw: Lair rune preference: random
     0 | D:1      | 0 ||| qw: Plans: Normal
     0 | D:1      | 0 ||| PLANNING D:1-11
    63 | D:1      | 63 ||| Stepping ~*~*~tactically~*~*~ (stealth).
   124 | D:1      | Reached XP level 2. HP: 14/17 MP: 6/6
   199 | D:1      | Reached skill level 3 in Axes
   235 | D:1      | Found Ciunuhy's Assorted Antiques.
   243 | D:1      | 243 ||| Stepping ~*~*~tactically~*~*~ (stealth).
   246 | D:1      | 246 ||| SHOPLISTING chain mail (90 gold, have 19).
   246 | D:1      | 246 ||| SHOPLISTING glowing war axe (130 gold, have 19).
   246 | D:1      | 246 ||| BUYING murky golden potion (18 gold).
   246 | D:1      | Bought a murky golden potion for 18 gold pieces
   246 | D:1      | 246 ||| SHOPLISTING ominously black robe (114 gold, have
                  | 1).
   246 | D:1      | 246 ||| SHOPLISTING ring mail (80 gold, have 1).
   246 | D:1      | 246 ||| SHOPLISTING scroll labelled ZYAKHL FUODOG (20 gold,
                  | have 1).
   687 | D:1      | 687 ||| UPGRADING to +0 pair of gloves.
   692 | D:1      | 692 ||| DROPPING scarf of shadows.
   693 | D:1      | 693 ||| READING scroll labelled TIEPEH URETIA.
   693 | D:1      | Identified a scroll of acquirement
   693 | D:1      | 693 ||| ACQUIRING ring "Niunloca" {rF+ Dex+6}
   693 | D:1      | Acquired the ring "Niunloca" {rF+ Dex+6}
   695 | D:1      | 695 ||| UPGRADING to ring "Niunloca" {rF+ Dex+6}.
   696 | D:1      | 696 ||| READING scroll labelled BICSUB WUR GAQA.
   697 | D:1      | 697 ||| READING scroll labelled FEROEPS YFFAGE.
   698 | D:1      | 698 ||| DROPPING scroll of blinking.
   756 | D:2      | 756 ||| Stepping ~*~*~tactically~*~*~ (stealth).
   757 | D:2      | 757 ||| Stepping ~*~*~tactically~*~*~ (stealth).
   762 | D:2      | Reached XP level 3. HP: 21/21 MP: 7/7
   940 | D:2      | Reached skill level 4 in Axes
  1154 | D:2      | 1154 ||| UPGRADING to +0 chain mail.
  1164 | D:2      | 1164 ||| DROPPING +0 leather armour.
  1197 | D:2      | 1197 ||| Stepping randomly (stuck).
  1842 | D:2      | Reached XP level 4. HP: 25/26 MP: 8/8
  1843 | D:2      | 1843 ||| FLEEEEING.
  1844 | D:2      | 1844 ||| FLEEEEING.
  1847 | D:2      | 1847 ||| FLEEEEING.
  1848 | D:2      | 1848 ||| FLEEEEING.
  1849 | D:2      | 1849 ||| FLEEEEING.
  1850 | D:2      | 1850 ||| FLEEEEING.
  1851 | D:2      | 1851 ||| FLEEEEING.
  1852 | D:2      | 1852 ||| FLEEEEING.
  1853 | D:2      | 1853 ||| FLEEEEING.
  1855 | D:2      | 1855 ||| FLEEEEING.
  1856 | D:2      | 1856 ||| FLEEEEING.
  1857 | D:2      | 1857 ||| FLEEEEING.
  1858 | D:2      | 1858 ||| FLEEEEING.
  1859 | D:2      | 1859 ||| FLEEEEING.
  1860 | D:2      | 1860 ||| FLEEEEING.
  1861 | D:2      | 1861 ||| FLEEEEING.
  1862 | D:2      | 1862 ||| FLEEEEING.
  1863 | D:2      | 1863 ||| FLEEEEING.
  1867 | D:2      | 1867 ||| FLEEEEING.
  1868 | D:2      | 1868 ||| FLEEEEING.
  1869 | D:2      | 1869 ||| FLEEEEING.
  1870 | D:2      | 1870 ||| FLEEEEING.
  1871 | D:2      | 1871 ||| FLEEEEING.
  1884 | D:2      | 1884 ||| FLEEEEING.
  1885 | D:2      | 1885 ||| FLEEEEING.
  1886 | D:2      | 1886 ||| FLEEEEING.
  1887 | D:2      | 1887 ||| FLEEEEING.
  1888 | D:2      | 1888 ||| FLEEEEING.
  1889 | D:2      | 1889 ||| FLEEEEING.
  1890 | D:2      | 1890 ||| FLEEEEING.
  1891 | D:2      | 1891 ||| FLEEEEING.
  1892 | D:2      | 1892 ||| FLEEEEING.
  1893 | D:2      | 1893 ||| FLEEEEING.
  1901 | D:2      | 1901 ||| FLEEEEING.
  1902 | D:2      | 1902 ||| FLEEEEING.
  1903 | D:2      | 1903 ||| FLEEEEING.
  1904 | D:2      | 1904 ||| FLEEEEING.
  1905 | D:2      | 1905 ||| FLEEEEING.
  1910 | D:2      | 1910 ||| STAIRDANCE
  2022 | D:1      | 2022 ||| UPGRADING to +0 kite shield.
  2027 | D:1      | 2027 ||| UPGRADING to +0 swamp dragon scales.
  2037 | D:1      | 2037 ||| READING scroll labelled TEANES KUXITZYRI.
  2053 | D:2      | 2053 ||| Stepping randomly (stuck).
  2293 | D:3      | Found a blossoming altar of Fedhas.
  2319 | D:3      | 2319 ||| Stepping ~*~*~tactically~*~*~ (stealth).
  2372 | D:3      | Reached skill level 1 in Shields
  2542 | D:3      | 2542 ||| Stepping ~*~*~tactically~*~*~ (stealth).
  2548 | D:3      | 2548 ||| Stepping ~*~*~tactically~*~*~ (stealth).
  2549 | D:3      | 2549 ||| Stepping ~*~*~tactically~*~*~ (stealth).
  2551 | D:3      | 2551 ||| Stepping ~*~*~tactically~*~*~ (stealth).
  2581 | D:3      | Found a faded altar of an unknown god.
  2677 | D:3      | Gained mutation: Your magical nature lets you fly swiftly
                  | and evasively. [Tengu growth]
  2677 | D:3      | Reached XP level 5. HP: 30/30 MP: 9/9
  3051 | D:3      | 3051 ||| DROPPING +0 mace.
  3254 | D:3      | Reached skill level 3 in Shields
  3286 | D:3      | 3286 ||| FLEEEEING.
  3575 | D:3      | 3575 ||| DROPPING +0 chain mail.
  3576 | D:3      | 3576 ||| UPGRADING to +4 chain mail.
  3586 | D:3      | 3586 ||| DROPPING +0 swamp dragon scales.
  3587 | D:3      | 3587 ||| READING scroll labelled CEZXAZ ILET.
  3588 | D:3      | 3588 ||| DRINKING 2 orange potions.
  3652 | D:4      | Reached skill level 5 in Axes
  3652 | D:4      | 3652 ||| STAIRDANCE
  3837 | D:4      | 3837 ||| Stepping ~*~*~tactically~*~*~ (stealth).
  3872 | D:4      | 3872 ||| FLEEEEING.
  3873 | D:4      | 3873 ||| FLEEEEING.
  3878 | D:4      | 3878 ||| STAIRDANCE
  3904 | D:4      | 3904 ||| STAIRDANCE
  4139 | D:4      | 4139 ||| Stepping ~*~*~tactically~*~*~ (stealth).
  4150 | D:4      | Found a staircase to the Ecumenical Temple.
  4151 | D:4      | 4151 ||| PLANNING TEMPLE
  4151 | D:4      | 4151 ||| UPGRADING to ring of resist corrosion.
  4152 | D:4      | 4152 ||| READING scroll labelled IRIUCE USUMN.
  4153 | D:4      | 4153 ||| READING scroll labelled JUNTEF WUUTHREN.
  4154 | D:4      | 4154 ||| DRINKING 2 golden potions.
  4163 | Temple   | Entered the Ecumenical Temple
  4237 | Temple   | 4237 ||| PLANNING D:1-11
  4364 | D:4      | Noticed Menkaure
  4370 | D:4      | HP: 7/30 [Menkaure/nerve-wracking pain (4)]
  4376 | D:4      | Killed Menkaure
  4377 | D:4      | Reached skill level 3 in Armour
  4377 | D:4      | Reached XP level 6. HP: 9/35 MP: 10/10
  5169 | D:5      | Entered Level 5 of the Dungeon
  5169 | D:5      | Found Heedats's Antique Armour Boutique.
  5177 | D:5      | HP: 8/35 [acid (1)]
  5180 | D:5      | HP: 3/35 [acid (1)]
  5180 | D:5      | HP: 1/35 [poisoned by an adder]
  5181 | D:5      | Succumbed to an adder's poison

Levels and vault maps discovered:
D:1:      ncdulo_watergridlock, layout_basic, serial_corexii_hall,
          chequers_hall_statues_y, chequers_hall_statues_corner_a, serial_shops,
          nicolae_diamond_shop, serial_bayou_ford_a, grunt_decor_junction,
          chequers_serial_rivers_micro_c, chequers_serial_rivers_marsh
D:2:      layout_basic, lemuel_another_geyser
D:3:      layout_basic, lemuel_coloured_pillars_altar,
          shapermc_ecumenical_altar_notcrosses, chequers_serial_rivers_small_b
D:4:      layout_loops_corners, minmay_temple_entry_drinking_statues,
          kennysheep_generic_room_16, uniq_menkaure
D:5:      layout_loops_ring, kennysheep_little_box, serial_shops,
          nicolae_stop_n_shop_1
Temple:   nicolae_temple_great_sept

Skill      XL: |  1  2  3  4  5 |
---------------+----------------+-----
Axes           | 3 4 5 |  5.9
Shields        | 2 3 |  3.0
Armour         | 3 |  3.7
Fighting       | |  2.0
Throwing       | |  1.0
Dodging        | |  2.1
Spellcasting   | |  2.0
Translocations | |  2.4

Action                   |  1- 3 |  4- 6 || total
-------------------------+-------+-------++-------
Melee: Hand axe          |    67 |   118 ||   185
       Kick              |    23 |    36 ||    59
       Peck              |     9 |    22 ||    31
Throw: Boomerang         |     7 |       ||     7
  Use: Scroll            |     3 |     4 ||     7
       Potion            |       |     2 ||     2
Armor: Leather armour    |     5 |       ||     5
       Chain mail        |    11 |    32 ||    43
       Swamp dragon scal |       |    19 ||    19
Dodge: Dodged            |    31 |    35 ||    66
Block: Kite shield       |       |    47 ||    47

Table legend:
 A = Non-vault XP
 B = Vault XP
 C = Vault XP percentage of total XP
 D = Non-vault monster count
 E = Vault monster count
 F = Vault count percentage of total count
                 A         B        C        D         E       F
            +---------+---------+-------+---------+---------+-------
      Total |     438 |     171 |  28.1 |      76 |       2 |   2.6
            +---------+---------+-------+---------+---------+-------
        D:1 |      32 |       0 |   0.0 |      19 |       0 |   0.0
        D:2 |      53 |       0 |   0.0 |      20 |       0 |   0.0
        D:3 |     143 |       0 |   0.0 |      21 |       0 |   0.0
        D:4 |     121 |     171 |  58.6 |      13 |       2 |  13.3
        D:5 |      89 |       0 |   0.0 |       3 |       0 |   0.0
            +---------+---------+-------+---------+---------+-------
